 Dungeon Crawl Stone Soup version 0.26-a0-710-g95a0c6c400 (webtiles) character file.

Game seed: 3759592119434351286

246915 Gargoyl the Schismatic (level 19, -9/229 HPs)
             Began as a Gnoll Abyssal Knight on Oct 30, 2020.
             Was an Elder of Lugonu.
             Mangled by an iron troll (14 damage)
             ... on level 4 of the Vaults.
             The game lasted 01:18:27 (41812 turns).

Gargoyl the Schismatic (Gnoll Abyssal Knight)      Turns: 41812, Time: 01:18:28

Health: -9/229     AC: 21    Str: 27    XL:     19   Next: 97%
Magic:  36/36      EV: 17    Int: 16    God:    Lugonu [****..]
Gold:   3477       SH: 31    Dex: 21    Spells: 44/44 levels left

rFire    + + .     SeeInvis .   a - +3 broad axe (venom)
rCold    + . .     Faith    .   m - +5 tower shield
rNeg     . . .     Spirit   .   L - +1 chain mail {rF+}
rPois    +         Reflect  +   P - +2 hat {MR+}
rElec    +         Harm     .   o - scarf {rC+ rF+}
rCorr    .         Rampage  .   R - +0 pair of gloves "Qeffa" {rElec rPois}
MR       ++...     Clarity  +   p - +2 pair of boots
Stlth    ..........             v - amulet of reflection
HPRegen  0.88/turn              s - +6 ring of strength
MPRegen  0.25/turn              W - +6 ring of dexterity

@: berserking, silenced, very quick
A: distributed training, fangs 1, talons 1, clarity, regeneration 1, strong nose
}: 1/15 runes: serpentine
a: Renounce Religion


You were on level 4 of the Vaults.
You worshipped Lugonu.
Lugonu was greatly pleased with you.
You visited 5 branches of the dungeon, and saw 31 of its levels.
You visited the Abyss 5 times.
You also visited: Ossuary, Bailey, Ice Cave and Volcano.

You collected 3888 gold pieces.
You spent 411 gold pieces at shops.

Inventory:

Hand Weapons
 a - a +3 broad axe of venom (weapon)
 d - the +9 dagger "Laleighahu" {speed, Int+4}
   (You found it on level 2 of the Abyss)

   Attacks with this weapon are significantly faster.
   It affects your intelligence (+4).
 D - the +9 spear of Qoju {vorpal, *Drain rC+++ Dex+7 Stlth+}
   (You took it off a spriggan rider on level 14 of the Dungeon)

   It inflicts extra damage upon your enemies.
   It affects your dexterity (+7).
   It renders you almost immune to cold.
   It causes draining when unequipped.
   It makes you more stealthy.
 N - the +6 falchion of Suax {drain, MR++ Str+2}
   (You found it on level 11 of the Dungeon)

   A truly terrible weapon, it drains the life of those it strikes.
   It affects your strength (+2).
   It affects your resistance to hostile enchantments.
 V - a +2 hand axe of flaming
Missiles
 A - 75 poisoned darts (quivered)
Armour
 m - a +5 tower shield (worn)
 o - a scarf of resistance (worn)
 p - a +2 pair of boots (worn)
 L - a +1 chain mail of fire resistance (worn)
 P - a +2 hat of magic resistance (worn)
 R - the +0 pair of gloves "Qeffa" (worn) {rElec rPois}
   (You found it in a volcano)

   It insulates you from electricity.
   It protects you from poison.
Jewellery
 l - an uncursed amulet of the acrobat {unknown}
 s - a +6 ring of strength (left hand)
 v - an amulet of reflection (around neck)
 G - an uncursed ring of protection from magic
 U - an uncursed ring of protection from fire
 W - a +6 ring of dexterity (right hand)
Wands
 i - a wand of digging (9)
 q - a wand of acid (16)
 t - a wand of random effects (11)
Scrolls
 c - 3 scrolls of teleportation
 e - 8 scrolls of blinking
 f - 8 scrolls of fear
 g - 4 scrolls of identify
 n - 17 scrolls of remove curse
 r - 9 scrolls of magic mapping
 w - a scroll of enchant armour
 H - 2 scrolls of fog
 X - a scroll of silence
Potions
 b - 6 potions of stabbing
 h - 3 potions of magic
 j - 3 potions of curing
 k - 2 potions of berserk rage
 u - 4 potions of haste
 x - 2 potions of might
 z - 7 potions of brilliance
 B - 3 potions of cancellation
 C - 6 potions of flight
 F - a potion of resistance
 J - 5 potions of invisibility
 Q - 4 potions of ambrosia


   Skills:
 + Level 14.3 Fighting
 + Level 13.1 Short Blades
 + Level 13.1 Long Blades
 + Level 13.7 Axes
 + Level 13.1 Maces & Flails
 + Level 13.1 Polearms
 + Level 13.1 Staves
 + Level 13.1 Slings
 + Level 13.1 Bows
 + Level 13.1 Crossbows
 + Level 13.1 Throwing
 + Level 13.7 Armour
 + Level 13.3 Dodging
 + Level 13.1 Stealth
 + Level 13.1 Shields
 + Level 13.1 Unarmed Combat
 + Level 13.1 Spellcasting
 + Level 11.2 Conjurations
 + Level 11.2 Hexes
 + Level 11.2 Summonings
 + Level 11.2 Necromancy
 + Level 11.2 Translocations
 + Level 11.2 Transmutations
 + Level 11.2 Fire Magic
 + Level 11.2 Ice Magic
 + Level 11.2 Air Magic
 + Level 11.2 Earth Magic
 + Level 11.2 Poison Magic
 + Level 14.7 Invocations
 + Level 13.1 Evocations


You had 44 spell levels left.
You didn't know any spells.
Your spell library contained the following spells:

 Spells                   Type           Power        Failure   Level
 Animate Skeleton         Necr           #####.       1%          1
 Apportation              Tloc           #####.       1%          1
 Corona                   Hex            #####..      1%          1
 Foxfire                  Conj/Fire      ####         1%          1
 Freeze                   Ice            ####         1%          1
 Magic Dart               Conj           ####         1%          1
 Sandblast                Erth           #####.       1%          1
 Shock                    Conj/Air       ####         1%          1
 Summon Small Mammal      Summ           ####         1%          1
 Blink                    Tloc           N/A          1%          2
 Call Imp                 Summ           #####...     1%          2
 Passwall                 Tmut/Erth      #####...     1%          2
 Searing Ray              Conj           #####.       1%          2
 Slow                     Hex            #####...     1%          2
 Swiftness                Air            #####...     1%          2
 Conjure Flame            Conj/Fire      #####...     3%          3
 Dazzling Flash           Conj/Hex       #####.       3%          3
 Frozen Ramparts          Ice            #####.       3%          3
 Ignite Poison            Fire/Tmut/Pois #####...     3%          3
 Inner Flame              Hex/Fire       #####...     3%          3
 Lesser Beckoning         Tloc           #####.....   3%          3
 Mephitic Cloud           Conj/Pois/Air  #####...     3%          3
 Ozocubu's Armour         Ice            #####...     3%          3
 Static Discharge         Conj/Air       #####...     3%          3
 Stone Arrow              Conj/Erth      #####.       3%          3
 Tukima's Dance           Hex            #####...     3%          3
 Airstrike                Air            #####.....   12%         4
 Fulminant Prism          Conj/Hex       #####.....   12%         4
 Hailstorm                Conj/Ice       #####...     12%         4
 Ice Form                 Ice/Tmut       #####...     12%         4
 Iskenderun's Mystic Bla  Conj/Tloc      #####...     12%         4
 Petrify                  Tmut/Erth      #####...     12%         4
 Sticky Flame             Conj/Fire      #####...     12%         4
 Summon Ice Beast         Ice/Summ       #####...     12%         4
 Alistair's Intoxication  Tmut/Pois      #####....    32%         5
 Fireball                 Conj/Fire      #####.....   32%         5
 Irradiate                Conj/Tmut      #####.....   32%         5
 Lee's Rapid Deconstruct  Erth           #####.....   32%         5
 Lightning Bolt           Conj/Air       #####.....   32%         5
 Metabolic Englaciation   Hex/Ice        #####.....   32%         5
 Freezing Cloud           Conj/Ice/Air   #####.....   87%         6
 Hydra Form               Tmut           #####.....   87%         6
 Invisibility             Hex            #####...     87%         6
 Ozocubu's Refrigeration  Ice            #####.....   87%         6
 Simulacrum               Ice/Necr       #####.....   87%         6
 Starburst                Conj/Fire      #####.....   87%         6
 Statue Form              Tmut/Erth      #####....    87%         6
 Dragon Form              Tmut           #####.....   100%        7
 Malign Gateway           Summ/Tloc      #####.....   100%        7
 Monstrous Menagerie      Summ           #####.....   100%        7
 Summon Greater Demon     Summ           #####.....   100%        7
 Ignition                 Fire           #####.....   100%        8
 Summon Horrible Things   Summ           #####.....   100%        8


Dungeon Overview and Level Annotations

Branches:
Dungeon (15/15)            Temple (0/1) D:7            Lair (6/6) D:9
  Swamp (0/4) Lair:4        Snake (4/4) Lair:3        Slime (0/5) Lair:6
    Orc (2/2) D:9             Elf (0/3) Orc:2        Vaults (4/5) D:13
  Crypt (0/3) Vaults:2     Depths (0/5) D:15        Ossuary (visited)
 Bailey (visited)           IceCv (visited)         Volcano (visited)

Altars:
Cheibriados
Fedhas
Hepliaklqana
Kikubaaqudgha
Okawaru
Sif Muna
Trog
Wu Jian
Yredelemnul
Beogh

Shops:
D:12 ([   Orc:1 (   Orc:2 ([(*=   Snake:4 [=   Vaults:3 ((*:

Annotations:
Vaults:4 1 transporter, 1 runed translucent door
Abyss:1 Bai Suzhen


Innate Abilities, Weirdness & Mutations

Your experience applies equally to all skills.
You have very sharp teeth.
Your uncanny sense of smell can sniff out nearby items.
You have sharp toenails.
You possess an exceptional clarity of mind.
Your natural rate of healing is unusually fast.


Message History

You block the deep troll's attack.
The deep troll claws you but does no damage.
The deep troll claws you!! You block the stone giant's attack.
Unknown command.
You slash the stone giant! You bite the stone giant.
The stone giant is moderately wounded.
You closely miss the deep troll. You block the deep troll's attack. x3
The stone giant hits you!!!
* * * LOW HITPOINT WARNING * * *
Unknown command.
You slice the stone giant!!
The stone giant looks as sick as possible!
The stone giant is heavily wounded.
You slash the deep troll!
The deep troll looks as sick as possible!
You slash the iron troll!
The iron troll is poisoned.
You block the deep troll's attack. x3; The stone giant hits you!!
* * * LOW HITPOINT WARNING * * *
The iron troll bites you!
You die...

#...... #...... # ## ##
#...... Tg ye#§ #......
### ##### #.#...... ...
...## #.#...... . ..
...## #.#......
.⌠..###C..######.#......
...$#y#@T.#y#....#).....
...$$####T'###....#.....(
..[?[###...##.....#......
..!:_+W#.÷©##©....'......
..($)###...##.....#......
...$$####''###....#......
....$#y#...#y#....#.....!
..⌠..###...######.#......
......(...## #.#[(....


You could see an iron troll (berserk, very poisoned), a stone giant (berserk,
extremely poisoned), a deep elf annihilator, a deep troll (berserk, extremely
poisoned), 3 moths of wrath, a deep troll earth mage and a boggart.

Vanquished Creatures
  Jorgrun (Snake:1)
  An ancient champion (Vaults:2)
  Donald (Vaults:1)
  6 nagarajas
  An orc warlord (Orc:2)
  3 fire giants
  A frost giant (D:15)
  Aizul (Snake:1)
  3 vault wardens
  5 ironheart preservers
  2 stone giants (Vaults:4)
  A deep elf annihilator (Vaults:2)
  Azrael (Snake:1)
  2 deep elf death magi (Vaults:1)
  The ghost of Skull the Basher, a journeyman GrFi of Wu Jian (D:14)
  A fire dragon (Vaults:1)
  An ettin (Vaults:3)
  3 yaktaur captains
  The ghost of Mirooz the Cleaver, a journeyman GrFi of Okawaru (D:13)
  A rakshasa (D:15)
  A great orb of eyes (Vaults:4)
  5 hydras
  18 naga warriors
  3 boulder beetles
  4 catoblepae
  3 vault guards
  8 centaur warriors
  A death knight (D:15)
  5 anacondas
  A dancing weapon (Volcano)
  9 two-headed ogres
  A deep troll shaman (Lair:6)
  18 death yaks
  2 tengu warriors (D:14)
  3 ogre magi
  2 orc high priests (Orc:2)
  Urug (Lair:1)
  5 shock serpents
  The ghost of twist the Covert, a journeyman VSEn of Wu Jian (Lair:1)
  Nergalle (Lair:2)
  15 naga sharpshooters
  3 deep elf knights
  A soul eater (Vaults:2)
  2 skeletal warriors (Vaults:1)
  A salamander mystic (Snake:2)
  A deep elf archer (Vaults:2)
  2 unseen horrors
  A glowing orange brain (Abyss:1)
  5 deep trolls
  10 wizards
  7 naga ritualists
  7 ironbrand convokers
  2 lindwurms
  12 orc knights
  5 harpies (Vaults:2)
  A wolf spider zombie (D:15)
  2 phantasmal warriors (D:14)
  10 mana vipers
  13 salamanders
  5 necromancers
  4 orc sorcerers
  22 ugly things
  2 wolf spiders
  8 cyclopes
  3 deep elf magi
  A salamander (shapeshifter) (Vaults:1)
  2 manticores
  16 elephants
  5 vault sentinels
  5 toenail golems (Volcano)
  22 naga magi
  36 black mambas
  An ice statue (IceCv)
  14 cane toads
  2 torpor snails
  2 gargoyles (D:14)
  A guardian serpent (Snake:4)
  Maggie (D:8)
  A large abomination (Abyss:2)
  4 rime drakes
  A komodo dragon (shapeshifter) (Vaults:1)
  13 komodo dragons
  13 freezing wraiths
  The ghost of Riddle the Sneak, a novice FeSu of Hepliaklqana (Lair:1)
  11 yaktaurs
  9 trolls
  5 hornets
  3 polar bears
  16 slime creatures
  14 blink frogs
  3 dream sheep (Lair:5)
  A dream sheep (shapeshifter) (Vaults:4)
  A fire giant simulacrum (Vaults:1)
  A shadow (D:15)
  7 wraiths
  57 yaks
  4 spriggans
  2 fire elementals
  24 humans
  A tarantella (shapeshifter) (Vaults:1)
  4 wyverns
  A chaos spawn (Abyss:1)
  A human simulacrum (Vaults:1)
  10 basilisks
  A death yak simulacrum (IceCv)
  Grum (D:9)
  14 vampire mosquitoes
  48 nagas
  10 wargs
  3 acid dragons (D:15)
  21 water moccasins
  2 hell hounds
  11 ice beasts
  43 orc warriors
  5 sky beasts
  6 black bears
  2 phantoms
  4 boggarts
  23 ogres
  24 wolves
  18 centaurs
  An elf zombie (Ossuary)
  A big kobold (D:9)
  21 bullfrogs
  A glowing shapeshifter simulacrum (Vaults:2)
  A wyvern zombie (D:9)
  A water moccasin zombie (D:9)
  4 small abominations (Abyss:1)
  A wyvern skeleton (D:12)
  3 scorpions
  25 killer bees
  An orc simulacrum (Vaults:1)
  A swamp dragon simulacrum (IceCv)
  15 wights
  3 electric eels (Lair:4)
  A centaur zombie (D:6)
  A quasit (D:10)
  3 bullfrog zombies
  6 hounds
  A yaktaur simulacrum (Vaults:1)
  A human zombie (Ossuary)
  6 draconian simulacra (IceCv)
  30 orc priests
  16 jellies
  3 centaur skeletons
  Natasha (thrice) (D:4)
  Terence (D:3)
  3 iguanas
  43 orc wizards
  4 troll simulacra (IceCv)
  2 spriggan simulacra (IceCv)
  2 polar bear simulacra (IceCv)
  12 worker ants
  A big kobold zombie (Ossuary)
  3 centaur simulacra (IceCv)
  A hound skeleton (D:10)
  2 mummies (Ossuary)
  Robin (D:2)
  A worker ant zombie (D:10)
  15 adders
  8 gnolls (D:6)
  A howler monkey skeleton (D:8)
  4 ogre simulacra (IceCv)
  A naga simulacrum (IceCv)
  2 shadow imps
  18 white imps
  4 ufetubi
  3 oozes
  An adder skeleton (D:7)
  4 worms
  A dart slug (D:2)
  7 leopard geckos
  121 orcs
  3 giant cockroaches
  4 gnoll zombies (Ossuary)
  17 goblins
  8 hobgoblins
  21 jackals
  4 quokkas
  A ball python (D:5)
  13 bats
  4 frilled lizards
  3 goblin zombies (Ossuary)
  A hobgoblin zombie (Ossuary)
  A jackal zombie (D:4)
  6 kobolds
  A leopard gecko skeleton (D:6)
  3 orc zombies (Ossuary)
  11 rats
1342 creatures vanquished.

Vanquished Creatures (others)
  2 nagarajas (Snake:4)
  A naga warrior (Snake:3)
  A naga ritualist (Snake:4)
  A guardian serpent (Snake:4)
  3 naga magi (Snake:4)
  A boggart (Vaults:1)
  An orc priest (Orc:2)
  A bush (Lair:6)
  60 fungi
  A lurking horror (Abyss:1)
  50 plants
122 creatures vanquished.

Grand Total: 1464 creatures vanquished

Notes
Turn   | Place    | Note
-------+----------+-------------------------------------------
     0 | Abyss:1  | Gargoyl the Gnoll Abyssal Knight began the quest for the
                  | Orb.
     0 | Abyss:1  | Reached XP level 1. HP: 23/23 MP: 3/3
    86 | Abyss:1  | Found a sparkling altar of Nemelex Xobeh.
    86 | Abyss:1  | Noticed a spatial vortex
    89 | Abyss:1  | Noticed a spatial vortex
    91 | Abyss:1  | Noticed a spatial vortex
   100 | Abyss:1  | Noticed a small abomination
   116 | Abyss:1  | Noticed a large abomination
   153 | Abyss:1  | Noticed a small abomination
   260 | Abyss:1  | Noticed a small abomination
   269 | Abyss:1  | Noticed a large abomination
   314 | Abyss:2  | Got a polished dagger
   315 | Abyss:2  | Identified the +9 dagger "Laleighahu" {speed, Int+4} (You
                  | found it on level 2 of the Abyss)
   342 | Abyss:2  | Noticed a demonic crawler
   343 | D:1      | Escaped the Abyss
   487 | D:1      | Reached XP level 2. HP: 27/29 MP: 5/5
   724 | D:1      | Reached * piety under Lugonu
   896 | D:2      | Noticed Robin
   910 | D:2      | Reached XP level 3. HP: 25/35 MP: 6/6
   912 | D:2      | Killed Robin
   919 | D:2      | Reached ** piety under Lugonu
   919 | D:2      | Reached skill level 1 in Short Blades
   919 | D:2      | Reached skill level 1 in Long Blades
   919 | D:2      | Reached skill level 1 in Maces & Flails
   919 | D:2      | Reached skill level 1 in Polearms
   919 | D:2      | Reached skill level 1 in Staves
   919 | D:2      | Reached skill level 1 in Slings
   919 | D:2      | Reached skill level 1 in Bows
   919 | D:2      | Reached skill level 1 in Crossbows
   919 | D:2      | Reached skill level 1 in Throwing
   919 | D:2      | Reached skill level 1 in Stealth
   919 | D:2      | Reached skill level 1 in Shields
   919 | D:2      | Reached skill level 1 in Unarmed Combat
   919 | D:2      | Reached skill level 1 in Spellcasting
   919 | D:2      | Reached skill level 1 in Evocations
  1161 | D:2      | Found a snail-covered altar of Cheibriados.
  1168 | D:2      | Reached XP level 4. HP: 41/41 MP: 7/7
  1654 | D:3      | Reached skill level 1 in Conjurations
  1654 | D:3      | Reached skill level 1 in Hexes
  1654 | D:3      | Reached skill level 1 in Summonings
  1654 | D:3      | Reached skill level 1 in Necromancy
  1654 | D:3      | Reached skill level 1 in Translocations
  1654 | D:3      | Reached skill level 1 in Transmutations
  1654 | D:3      | Reached skill level 1 in Fire Magic
  1654 | D:3      | Reached skill level 1 in Ice Magic
  1654 | D:3      | Reached skill level 1 in Air Magic
  1654 | D:3      | Reached skill level 1 in Earth Magic
  1654 | D:3      | Reached skill level 1 in Poison Magic
  1776 | D:3      | Reached XP level 5. HP: 47/47 MP: 8/8
  1786 | D:3      | Gained mutation: You have sharp toenails. [potion of
                  | mutation]
  1786 | D:3      | Gained mutation: Your natural rate of healing is unusually
                  | fast. [potion of mutation]
  1786 | D:3      | Gained mutation: You possess an exceptional clarity of
                  | mind. [potion of mutation]
  1888 | D:3      | Found an ornate altar of the Wu Jian Council.
  1911 | D:3      | Noticed Terence
  1918 | D:3      | Killed Terence
  2294 | D:3      | Reached skill level 5 in Invocations
  2294 | D:3      | Reached XP level 6. HP: 53/53 MP: 9/9
  2445 | D:4      | Reached *** piety under Lugonu
  2491 | D:4      | Reached skill level 5 in Axes
  2491 | D:4      | Reached skill level 5 in Armour
  2513 | D:4      | Noticed Natasha
  2519 | D:4      | Killed Natasha
  2539 | D:4      | Found a sand-covered staircase.
  2550 | Ossuary  | Entered an ossuary
  2642 | Ossuary  | Reached XP level 7. HP: 55/59 MP: 10/10
  2861 | D:4      | Found a shimmering blue altar of Sif Muna.
  3072 | D:4      | Noticed Natasha
  3078 | D:4      | Killed Natasha
  3092 | D:4      | Noticed Natasha
  3102 | D:4      | Killed Natasha
  3268 | D:5      | Entered Level 5 of the Dungeon
  3370 | D:5      | Reached **** piety under Lugonu
  3557 | D:5      | Reached XP level 8. HP: 64/67 MP: 12/12
  4224 | D:6      | Reached XP level 9. HP: 72/72 MP: 14/14
  4323 | D:6      | Reached ***** piety under Lugonu
  5207 | D:7      | Reached skill level 5 in Dodging
  5268 | D:7      | Found a staircase to the Ecumenical Temple.
  6048 | D:8      | Noticed Maggie
  6070 | D:8      | Killed Maggie
  6332 | D:8      | Found a hazy altar of Hepliaklqana.
  6369 | D:8      | Found a flagged portal.
  6381 | Bailey   | Entered a bailey
  6381 | Bailey   | Noticed an orc knight
  6381 | Bailey   | Noticed an orc knight
  6382 | Bailey   | Noticed an orc knight
  6383 | Bailey   | Noticed an orc knight
  6407 | Bailey   | Killed an orc knight
  6407 | Bailey   | Reached XP level 10. HP: 47/80 MP: 15/17
  6751 | D:8      | Found a basalt altar of Yredelemnul.
  6880 | D:8      | Reached skill level 5 in Short Blades
  6880 | D:8      | Reached skill level 5 in Long Blades
  6880 | D:8      | Reached skill level 5 in Maces & Flails
  6880 | D:8      | Reached skill level 5 in Polearms
  6880 | D:8      | Reached skill level 5 in Staves
  6880 | D:8      | Reached skill level 5 in Slings
  6880 | D:8      | Reached skill level 5 in Bows
  6880 | D:8      | Reached skill level 5 in Crossbows
  6880 | D:8      | Reached skill level 5 in Throwing
  6880 | D:8      | Reached skill level 5 in Stealth
  6880 | D:8      | Reached skill level 5 in Shields
  6880 | D:8      | Reached skill level 5 in Unarmed Combat
  6880 | D:8      | Reached skill level 5 in Spellcasting
  6880 | D:8      | Reached skill level 5 in Evocations
  7085 | D:9      | Noticed Grum
  7100 | D:9      | Killed Grum
  7427 | D:9      | Got a shimmering hand crossbow
  7428 | D:9      | Identified the +1 hand crossbow of the Augurer {speed,
                  | Dex+3} (You found it on level 9 of the Dungeon)
  7591 | D:9      | Found an ancient bone altar of Kikubaaqudgha.
  7691 | D:9      | Found a staircase to the Orcish Mines.
  7767 | D:9      | Found a staircase to the Lair.
  7913 | D:9      | Found an iron altar of Okawaru.
  8175 | D:9      | Reached XP level 11. HP: 87/87 MP: 19/19
  8235 | Lair:1   | Entered Level 1 of the Lair of Beasts
  8323 | Lair:1   | Reached ****** piety under Lugonu
  8384 | Lair:1   | Reached skill level 5 in Conjurations
  8384 | Lair:1   | Reached skill level 5 in Hexes
  8384 | Lair:1   | Reached skill level 5 in Summonings
  8384 | Lair:1   | Reached skill level 5 in Necromancy
  8384 | Lair:1   | Reached skill level 5 in Translocations
  8384 | Lair:1   | Reached skill level 5 in Transmutations
  8384 | Lair:1   | Reached skill level 5 in Fire Magic
  8384 | Lair:1   | Reached skill level 5 in Ice Magic
  8384 | Lair:1   | Reached skill level 5 in Air Magic
  8384 | Lair:1   | Reached skill level 5 in Earth Magic
  8384 | Lair:1   | Reached skill level 5 in Poison Magic
  8965 | Lair:1   | Noticed a five-headed hydra
  8985 | Lair:1   | Killed a five-headed hydra
  9021 | Lair:1   | Found a runed translucent gate.
  9022 | Lair:1   | Found a runed translucent gate.
  9023 | Lair:1   | Found a runed translucent gate.
  9241 | Lair:1   | Noticed twist's ghost (journeyman VSEn)
  9242 | Lair:1   | Noticed Riddle's ghost (novice FeSu)
  9402 | Lair:1   | Killed twist's ghost
  9419 | Lair:1   | Killed Riddle's ghost
  9465 | Lair:2   | Noticed Nergalle
  9520 | Lair:2   | Killed Nergalle
  9609 | Lair:2   | Noticed a death yak
  9612 | Lair:2   | Noticed a death yak
  9615 | Lair:2   | Noticed a death yak
  9617 | Lair:2   | Noticed a death yak
  9634 | Lair:2   | Noticed a death yak
  9665 | Lair:1   | Reached XP level 12. HP: 76/96 MP: 22/22
  9740 | Lair:2   | You fall into a shaft and drop 1 floor!
 10075 | Lair:2   | Killed a death yak
 10105 | Lair:2   | Killed a death yak
 10141 | Lair:2   | Killed a death yak
 10308 | Lair:2   | Noticed Urug
 10384 | Lair:1   | Killed Urug
 10536 | Lair:2   | Noticed a seven-headed hydra
 10548 | Lair:2   | Killed a seven-headed hydra
 10648 | Lair:1   | Reached skill level 10 in Fighting
 10750 | Lair:2   | Killed a death yak
 10782 | Lair:2   | Killed a death yak
 11359 | Lair:3   | Reached XP level 13. HP: 87/103 MP: 24/24
 11669 | Lair:3   | Found a staircase to the Snake Pit.
 12311 | Lair:4   | Reached skill level 10 in Invocations
 12476 | Lair:4   | Found a frozen archway.
 12646 | IceCv    | Entered an ice cave
 13395 | IceCv    | Found an ancient bone altar of Kikubaaqudgha.
 14147 | Lair:4   | Found a staircase to the Swamp.
 14339 | Lair:4   | You fall into a shaft and drop 2 floors!
 14339 | Lair:6   | Entered Level 6 of the Lair of Beasts
 14896 | Lair:6   | Reached XP level 14. HP: 111/111 MP: 26/26
 14951 | Lair:6   | Reached skill level 10 in Axes
 14951 | Lair:6   | Reached skill level 10 in Armour
 15051 | Lair:6   | Found a staircase to the Slime Pits.
 15847 | Lair:6   | Escaped the Abyss
 16924 | Lair:5   | Reached skill level 10 in Dodging
 17055 | Lair:5   | Reached XP level 15. HP: 96/119 MP: 28/28
 17403 | Lair:5   | Found a dark tunnel.
 17413 | Volcano  | Entered a volcano
 17641 | Volcano  | Got a pair of ichor-stained gloves
 17664 | Volcano  | Identified the +0 pair of gloves "Qeffa" {rElec rPois} (You
                  | found it in a volcano)
 17812 | Lair:5   | Found a blossoming altar of Fedhas.
 18135 | Lair:4   | Reached skill level 10 in Short Blades
 18135 | Lair:4   | Reached skill level 10 in Long Blades
 18135 | Lair:4   | Reached skill level 10 in Maces & Flails
 18135 | Lair:4   | Reached skill level 10 in Polearms
 18135 | Lair:4   | Reached skill level 10 in Staves
 18135 | Lair:4   | Reached skill level 10 in Slings
 18135 | Lair:4   | Reached skill level 10 in Bows
 18135 | Lair:4   | Reached skill level 10 in Crossbows
 18135 | Lair:4   | Reached skill level 10 in Throwing
 18135 | Lair:4   | Reached skill level 10 in Stealth
 18135 | Lair:4   | Reached skill level 10 in Shields
 18135 | Lair:4   | Reached skill level 10 in Unarmed Combat
 18135 | Lair:4   | Reached skill level 10 in Spellcasting
 18135 | Lair:4   | Reached skill level 10 in Evocations
 19296 | D:10     | Entered Level 10 of the Dungeon
 19372 | D:10     | Got a glimmering chain mail
 19408 | D:10     | Identified the +0 chain mail of Understanding {+Fly rPois
                  | MR+++ Str-4} (You found it on level 10 of the Dungeon)
 19915 | D:11     | Got a faintly glowing falchion
 19922 | D:11     | Identified the +6 falchion of Suax {drain, MR++ Str+2} (You
                  | found it on level 11 of the Dungeon)
 20763 | D:12     | Found a snail-covered altar of Cheibriados.
 20763 | D:12     | Found Cheibriados's Comfort Zone.
 21011 | D:12     | Found Tuegum's Antique Weapon Emporium.
 21463 | D:13     | Found a runed translucent gate.
 21463 | D:13     | Found a runed translucent gate.
 21464 | D:13     | Found a runed translucent gate.
 21464 | D:13     | Noticed Mirooz's ghost (journeyman GrFi)
 21464 | D:13     | Identified the +6 dire flail "Hoxukhor" {vorpal, Str+3
                  | Dex+5}
 21466 | D:13     | Found a roughly hewn altar of Beogh.
 21946 | D:13     | Found a gate to the Vaults.
 22360 | D:13     | Killed Mirooz's ghost
 22785 | D:13     | Reached XP level 16. HP: 127/127 MP: 30/30
 23619 | D:14     | Found a runed translucent door.
 23621 | D:14     | Noticed Skull's ghost (journeyman GrFi)
 23621 | D:14     | Identified the +9 spear of Qoju {vorpal, *Drain rC+++ Dex+7
                  | Stlth+}
 23621 | D:14     | Identified the +2 ring mail of Neok {Rampage rC- rN+ rCorr}
 23950 | D:14     | Killed Skull's ghost
 24071 | D:15     | Entered Level 15 of the Dungeon
 25175 | D:15     | Found a staircase to the Depths.
 25462 | Orc:1    | Entered Level 1 of the Orcish Mines
 25584 | Orc:2    | Entered Level 2 of the Orcish Mines
 25584 | Orc:2    | Found a roughly hewn altar of Beogh.
 25843 | Orc:2    | Found a staircase to the Elven Halls.
 25846 | Orc:1    | Found Tuarruof's Antique Weapon Boutique.
 25865 | Orc:2    | Found a roughly hewn altar of Beogh.
 25953 | Orc:1    | Bought an ichor-stained hand axe for 216 gold pieces
 25953 | Orc:1    | Identified the cursed +1 hand axe "Nelep" {vorpal, Dex+2}
                  | (You bought it in a shop on level 1 of the Orcish Mines)
 27837 | Orc:2    | Found a roughly hewn altar of Beogh.
 28202 | Orc:2    | Found Ineot's Antique Armour Shoppe.
 28206 | Orc:2    | Found Foesadix's Antique Weapon Shoppe.
 28294 | Orc:2    | Bought a pair of embroidered boots for 195 gold pieces
 28314 | Orc:2    | Found Ybruak's Jewellery Shoppe.
 28350 | Orc:2    | Found Wack's General Store.
 28804 | Snake:1  | Entered Level 1 of the Snake Pit
 29108 | Snake:1  | Reached XP level 17. HP: 108/135 MP: 32/32
 29267 | Snake:1  | Noticed Jorgrun
 29285 | Snake:1  | Killed Jorgrun
 29748 | Snake:1  | Noticed Aizul
 29776 | Snake:1  | Killed Aizul
 30159 | Snake:2  | Noticed Azrael
 30380 | Snake:1  | Killed Azrael
 31554 | Snake:3  | Noticed Bai Suzhen
 31605 | Snake:2  | Banished Bai Suzhen
 31736 | Snake:2  | Reached skill level 10 in Conjurations
 31736 | Snake:2  | Reached skill level 10 in Hexes
 31736 | Snake:2  | Reached skill level 10 in Summonings
 31736 | Snake:2  | Reached skill level 10 in Necromancy
 31736 | Snake:2  | Reached skill level 10 in Translocations
 31736 | Snake:2  | Reached skill level 10 in Transmutations
 31736 | Snake:2  | Reached skill level 10 in Fire Magic
 31736 | Snake:2  | Reached skill level 10 in Ice Magic
 31736 | Snake:2  | Reached skill level 10 in Air Magic
 31736 | Snake:2  | Reached skill level 10 in Earth Magic
 31736 | Snake:2  | Reached skill level 10 in Poison Magic
 32269 | Snake:4  | Entered Level 4 of the Snake Pit
 33213 | Snake:3  | Reached XP level 18. HP: 81/143 MP: 20/33
 33978 | Snake:4  | Found Kasaak's Armour Boutique.
 33986 | Snake:4  | Found Radoem's Jewellery Shop.
 34397 | Abyss:1  | HP: 5/144 [poisoned by a nagaraja (poison arrow)]
 34402 | Abyss:1  | HP: 4/144 [poisoned by a nagaraja (poison arrow)]
 34407 | Abyss:1  | HP: 4/144 [poisoned by a nagaraja (poison arrow)]
 34412 | Abyss:1  | HP: 4/144 [poisoned by a nagaraja (poison arrow)]
 34417 | Abyss:1  | HP: 6/144 [poisoned by a nagaraja (poison arrow)]
 34621 | Snake:4  | Escaped the Abyss
 35437 | Snake:4  | Got a serpentine rune of Zot
 35926 | Vaults:1 | Entered Level 1 of the Vaults
 36064 | Vaults:1 | Noticed Donald
 36090 | Vaults:1 | Killed Donald
 36549 | Abyss:1  | Noticed a lich
 36556 | Vaults:1 | Escaped the Abyss
 36860 | Vaults:1 | Reached XP level 19. HP: 151/151 MP: 35/35
 37844 | Vaults:2 | Found a staircase to the Crypt.
 38135 | Vaults:2 | Escaped the Abyss
 39850 | Vaults:3 | Found Pytoenk's Antique Weapon Shop.
 39962 | Vaults:3 | Found Reppuel's Antique Weapon Shop.
 40218 | Vaults:3 | Found Oryfaron's Book Boutique.
 40423 | Vaults:3 | Found Bowneaz's General Store.
 41773 | Vaults:4 | Found a transporter.
 41785 | Vaults:4 | Found a transporter.
 41785 | Vaults:4 | Found a runed translucent door.
 41785 | Vaults:4 | Found a bloodstained altar of Trog.
 41786 | Vaults:4 | Found the cursed necklace of Bloodlust {*Rage +Rage MR++
                  | Int-3 Slay+6 *Curse}
 41812 | Vaults:4 | HP: 5/229 [stone giant (21)]
 41812 | Vaults:4 | Mangled by an iron troll

Illustrated notes

Levels and vault maps discovered:
D:1:      beargit_arrival_greenhouse, layout_rooms
D:2:      layout_basic, lemuel_crystal_altar, serial_rivers,
          chequers_serial_rivers_micro_b, chequers_serial_rivers_room_b,
          chequers_serial_rivers_small_b, chequers_serial_rivers_small_a,
          chequers_serial_rivers_room_b, grunt_ministairs_3, minmay_tromino_i2,
          uniq_robin, uniq_jessica
D:3:      layout_loops_ring, lemuel_crystal_altar, serial_forest,
          infiniplex_forest_join, infiniplex_forest_clump_diagonal,
          infiniplex_forest_straight_2, infiniplex_forest_clump_diagonal,
          uniq_terence
D:4:      lemuel_upstairs_altar, layout_loops_cross, enter_ossuary_3,
          led_sif_book, uniq_natasha
D:5:      layout_basic
D:6:      minmay_thinvault, layout_basic
D:7:      layout_layer_cave, minmay_temple_entry_glassed_door
D:8:      layout_loops_ring, old_standard_altar, lemuel_crystal_altar,
          enter_bailey_3, uniq_maggie
D:9:      minmay_distorted_concentric_squares, layout_cave_pods,
          lemuel_round_altar, okawaru_metal_pillars_1_2,
          erik_lair_orcish_takeover, uniq_grum
D:10:     layout_roguey
D:11:     layout_loops_ring, grunt_potential
D:12:     layout_rooms, serial_shops, shop, minmay_shop_chei
D:13:     layout_cave_pools, grunt_vaults_entry_tiered,
          biasface_ghost_orc_armoury
D:14:     layout_long_grid, ebering_ghost_funeral_grove,
          hangedman_abyss_or_decor_clamps
D:15:     grunt_enter_depths_snipers, layout_cave_pods, minmay_misc_feat_square,
          evilmike_minifort
Lair:1:   layout_cave_pods, gammafunk_ghost_cemetery, grunt_megastairs_3
Lair:2:   layout_regular_city, uniq_nergalle, uniq_urug
Lair:3:   layout_regular_city, guppyfry_snake_entry_island, forest_entry_grove
Lair:4:   layout_gridlike, minmay_swamp_entry_swarm,
          portal_ice_cave_entry_pillars_2, serial_bayou_lagoon_b,
          lemuel_fruit_fields, lemuel_fruit_fields
Lair:5:   slaughterhouse, layout_regular_city, basic_altar,
          nicolae_volcano_entry_hallway, patterned_corridor, lemuel_fruit_tree
Lair:6:   grunt_lair_end_beastmaster, layout_loops_ring,
          minmay_slime_entry_jelly_boxes, grunt_megastairs_5,
          minmay_lair_oklob_chamber
Snake:1:  layout_rooms, drop_trap, nrook_loot_triangle, uniq_jorgrun, uniq_aizul
Snake:2:  layout_misc_corridors, uniq_azrael
Snake:3:  cheibrodos_snake_ritualist_ritual, layout_cave_town,
          nicolae_large_snake_swirl, uniq_bai_suzhen
Snake:4:  snake_pit, layout_misc_corridors, minmay_shoptagon
Orc:1:    layout_diamond_mine, serial_shops, shop_statue
Orc:2:    grunt_orc_cross, layout_caves, basic_altar, nicolae_orc_bridge_out,
          david_defended_altar_orc
Vaults:1: v_alt_pattern_1, vaults_dpeg_doors, vaults_room_large_hall,
          vaults_mumra_minichess_inversion, vaults_dpeg_diagonal, v_misc_25,
          v_pattern_5, nicolae_vaults_little_squares_6, hangedman_vaults_trim,
          dpeg_vaults_monster_row, nicolae_vaults_mini_display_case,
          layout_vaults_ring, uniq_donald
Vaults:2: minmay_crypt_entry_simple_corners, nicolae_vaults_murderbox,
          ontoclasm_vaults_misaligned, nicolae_vaults_little_squares_3,
          vaults_standard_mumra_enter_the_diamond, hangedman_vaults_slice,
          layout_vaults_omnigrid, uniq_margery
Vaults:3: ontoclasm_vaults_claustrophobia, v_misc_30, v_alt_pattern_6,
          nicolae_vaults_three_branches, vaults_dpeg_encased_lava,
          layout_vaults_big_room, serial_shops, nicolae_shop_waterfront, shop,
          shop, nicolae_shop_window_shopping
Vaults:4: grunt_vaults_twisty, emtedronai_trogs_sanctum,
          nicolae_vaults_gold_heap, ontoclasm_vaults_loading_screen,
          vaults_room_hallway, vaults_room_grunt_arrival_ludios,
          nicolae_vaults_alarming, nicolae_vaults_theta, vaults_room_corners,
          vaults_room_door_ring, hangedman_vaults_stitches,
          nicolae_vaults_little_ls, layout_vaults_omnibox

Skill      XL: |  1  2  3  4  5  6  7  8  9 10 11 12 13 14 15 16 17 18 19 |
---------------+----------------------------------------------------------+-----
Short Blades   | 1 2 3 4 5 6 7 8 9 10 11 12 13 | 13.1
Long Blades    | 1 2 3 4 5 6 7 8 9 10 11 12 13 | 13.1
Maces & Flails | 1 2 3 4 5 6 7 8 9 10 11 12 13 | 13.1
Polearms       | 1 2 3 4 5 6 7 8 9 10 11 12 13 | 13.1
Staves         | 1 2 3 4 5 6 7 8 9 10 11 12 13 | 13.1
Slings         | 1 2 3 4 5 6 7 8 9 10 11 12 13 | 13.1
Bows           | 1 2 3 4 5 6 7 8 9 10 11 12 13 | 13.1
Crossbows      | 1 2 3 4 5 6 7 8 9 10 11 12 13 | 13.1
Throwing       | 1 2 3 4 5 6 7 8 9 10 11 12 13 | 13.1
Stealth        | 1 2 3 4 5 6 7 8 9 10 11 12 13 | 13.1
Shields        | 1 2 3 4 5 6 7 8 9 10 11 12 13 | 13.1
Unarmed Combat | 1 2 3 4 5 6 7 8 9 10 11 12 13 | 13.1
Spellcasting   | 1 2 3 4 5 6 7 8 9 10 11 12 13 | 13.1
Evocations     | 1 2 3 4 5 6 7 8 9 10 11 12 13 | 13.1
Conjurations   | 1 2 3 4 5 6 7 8 9 10 11 | 11.2
Hexes          | 1 2 3 4 5 6 7 8 9 10 11 | 11.2
Summonings     | 1 2 3 4 5 6 7 8 9 10 11 | 11.2
Necromancy     | 1 2 3 4 5 6 7 8 9 10 11 | 11.2
Translocations | 1 2 3 4 5 6 7 8 9 10 11 | 11.2
Transmutations | 1 2 3 4 5 6 7 8 9 10 11 | 11.2
Fire Magic     | 1 2 3 4 5 6 7 8 9 10 11 | 11.2
Ice Magic      | 1 2 3 4 5 6 7 8 9 10 11 | 11.2
Air Magic      | 1 2 3 4 5 6 7 8 9 10 11 | 11.2
Earth Magic    | 1 2 3 4 5 6 7 8 9 10 11 | 11.2
Poison Magic   | 1 2 3 4 5 6 7 8 9 10 11 | 11.2
Dodging        | 3 4 5 6 7 8 9 10 11 12 13 | 13.3
Invocations    | 5 6 7 8 9 10 11 12 13 14 | 14.7
Axes           | 5 6 7 8 9 10 11 12 13 | 13.7
Armour         | 5 6 7 8 9 10 11 12 13 | 13.7
Fighting       | 7 8 9 10 11 12 13 14 | 14.3

Action                   |  1- 3 |  4- 6 |  7- 9 | 10-12 | 13-15 | 16-18 | 19-21 || total
-------------------------+-------+-------+-------+-------+-------+-------+-------++-------
Melee: Dagger            |    37 |   166 |   319 |  1148 |  1713 |    11 |       ||  3394
       Bite              |     3 |    15 |    38 |   222 |   583 |   549 |   142 ||  1552
       Hand axe          |    25 |     8 |    24 |       |   501 |     9 |    19 ||   586
       Punch             |     1 |     1 |     5 |     3 |       |       |       ||    10
       Kick              |       |    52 |   109 |     9 |       |       |       ||   170
       Falchion          |       |       |       |       |   690 |  2727 |    68 ||  3485
       Broad axe         |       |       |       |       |       |       |   407 ||   407
Throw: Dart              |       |       |       |     2 |     6 |    20 |     2 ||    30
Invok: Depart the Abyss  |     1 |       |       |       |     1 |     2 |     1 ||     5
       Bend Space        |       |       |       |       |     5 |     4 |       ||     9
       Banish            |       |       |       |       |     5 |     3 |     6 ||    14
       Enter the Abyss   |       |       |       |       |     1 |     2 |     1 ||     4
Evoke: Wand              |       |       |     1 |       |     4 |       |       ||     5
  Use: Scroll            |     8 |     9 |     3 |    13 |    17 |     8 |     1 ||    59
       Potion            |       |     1 |       |       |       |     7 |     2 ||    10
 Stab: Petrified         |       |       |       |       |    50 |     1 |       ||    51
       Petrifying        |       |       |       |       |     2 |       |       ||     2
       Sleeping          |       |       |       |       |     3 |     5 |     3 ||    11
       Distracted        |       |       |       |       |       |     1 |       ||     1
Armor: Leather armour    |    20 |       |       |       |       |       |       ||    20
       Chain mail        |    71 |   134 |   128 |   161 |   547 |   695 |   113 ||  1849
       Plate armour      |       |       |       |    72 |       |       |       ||    72
Dodge: Dodged            |    72 |   100 |   122 |   107 |   403 |   649 |   204 ||  1657
Block: Other             |       |    23 |    70 |    10 |       |       |       ||   103
       Reflection        |       |       |     2 |    10 |    42 |   397 |    77 ||   528
       Tower shield      |       |       |       |   842 |  2724 |  4006 |   813 ||  8385
       Rpst.: Falchion   |       |       |       |       |    30 |   113 |     4 ||   147

Table legend: (Time is in decaauts)
 A = Elapsed time spent in this place.
 B = Non-inter-level travel time spent in this place.
 C = Inter-level travel time spent in this place.
 D = Time resting spent in this place.
 E = Time spent auto-exploring this place.
 F = Levels seen in this place.
 G = Mean time per level.
                   A        B        C        D        E       F      G
               +--------+--------+--------+--------+--------+-----+--------+
         Total |  39769 |  38004 |   1765 |   5953 |  18633 |  42 |  946.9 |
       Dungeon |  13565 |  12661 |    904 |    739 |   7932 |  15 |  904.3 |
          Lair |   8096 |   7639 |    457 |    682 |   3946 |   6 | 1349.3 |
     Snake Pit |   6441 |   6254 |    187 |   2047 |   1801 |   4 | 1610.2 |
  Orcish Mines |   3178 |   3132 |     46 |    914 |   1065 |   2 | 1589.0 |
        Vaults |   5482 |   5312 |    170 |    618 |   3086 |   4 | 1370.5 |
         Abyss |   1143 |   1143 |      0 |    539 |    343 |   7 |  163.3 |
       Ossuary |    146 |    146 |      0 |      0 |     37 |   1 |  146.0 |
        Bailey |     87 |     87 |      0 |     38 |      0 |   1 |   87.0 |
      Ice Cave |   1316 |   1316 |      0 |    374 |    276 |   1 | 1316.0 |
       Volcano |    312 |    312 |      0 |      0 |    145 |   1 |  312.0 |
               +--------+--------+--------+--------+--------+-----+--------+

Top non-repeatable levels by time:
  Lair:6: 2094 daAuts
 Snake:3: 2025 daAuts
   Orc:2: 1899 daAuts
Vaults:1: 1709 daAuts
    D:14: 1654 daAuts
 Snake:1: 1604 daAuts
Vaults:2: 1528 daAuts
    D:13: 1484 daAuts
  Lair:1: 1481 daAuts
 Snake:2: 1430 daAuts
 Snake:4: 1379 daAuts
   IceCv: 1316 daAuts
   Orc:1: 1278 daAuts
Vaults:3: 1274 daAuts
     D:9: 1255 daAuts
